 Dungeon Crawl Stone Soup version 0.28-b1 (webtiles) character file.

Game seed: 9875429122742264049

947 AuftragZ the Conjurer (level 7, -12/50 HPs)
             Began as a Purple Draconian Conjurer on Jan 26, 2022.
             Was an Initiate of Vehumet.
             Mangled by Duvessa (19 damage)
             ... on level 6 of the Dungeon.
             The game lasted 00:23:12 (6124 turns).

AuftragZ the Conjurer (Purple Draconian Conjurer)   Turns: 6124, Time: 00:23:12

Health: -12/50     AC: 13    Str:  9    XL:     7   Next: 89%
Magic:  2/26       EV: 12    Int: 20    God:    Vehumet [......]
Gold:   168        SH:  0    Dex: 10    Spells: 14/19 levels left

rFire   . . .      SeeInvis .   (no weapon)
rCold   . . .      Faith    .   (no shield)
rNeg    . . .      Spirit   .   (armour unavailable)
rPois   .          Reflect  .   (helmet restricted)
rElec   .          Harm     .   (no cloak)
rCorr   .          Rampage  .   d - +1 pair of gloves
Will    +....                   s - +0 pair of boots
Stlth   ++........              a - amulet of regeneration
HPRegen 0.96/turn               l - ring of magical power
MPRegen 0.20/turn               r - +4 ring of protection

@: no status effects
A: breathe power, AC +6, unfitting armour, cold-blooded
a: Breathe Dispelling Energy, Renounce Religion


You were on level 6 of the Dungeon.
You worshipped Vehumet.
Vehumet was noncommittal.
You visited 2 branches of the dungeon, and saw 7 of its levels.

You collected 168 gold pieces.

Inventory:

Missiles
 g - a throwing net
Armour
 d - a +1 pair of gloves (worn)
 s - a +0 pair of boots (worn)
Jewellery
 a - an amulet of regeneration (around neck)
 c - a ring of poison resistance
 l - a ring of magical power (left hand)
 r - a +4 ring of protection (right hand)
Wands
 p - a wand of digging (3)
 u - a wand of paralysis (7)
Scrolls
 b - a scroll of magic mapping
 i - a scroll of enchant armour
 j - 2 scrolls of immolation
 k - a scroll of teleportation
 m - a scroll of fog
 q - a scroll of fear {unknown}
 t - a scroll of vulnerability {unknown}
Potions
 f - 2 potions of haste {unknown}
 h - a potion of curing {unknown}
 n - a potion of berserk rage {unknown}
 o - a potion of attraction {unknown}
 v - a potion of might {unknown}


   Skills:
 + Level 0.2 Fighting
 + Level 2.5 Dodging
 - Level 1.8 Stealth
 * Level 6.7 Spellcasting
 * Level 7.8 Conjurations


You had 14 spell levels left.
You knew the following spells:

 Your Spells              Type           Power      Damage    Failure   Level
a - Magic Dart            Conj           100%       1d8       1%          1
b - Searing Ray           Conj           76%        2d7       1%          2
c - Apportation           Tloc           12%        N/A       10%         1
d - Animate Skeleton      Necr           12%        N/A       10%         1

Your spell library contained the following spells:

 Spells                   Type           Power      Damage    Failure   Level
 Dazzling Flash           Conj/Hex       44%        N/A       6%          3
 Summon Small Mammal      Summ           24%        N/A       10%         1
 Mephitic Cloud           Conj/Pois/Air  17%        N/A       10%         3
 Call Imp                 Summ           6%         N/A       14%         2
 Corpse Rot               Necr/Air       12%        N/A       14%         2
 Poisonous Vapours        Pois/Air       12%        N/A       14%         2
 Fulminant Prism          Conj/Hex       11%        3d9       19%         4
 Iskenderun's Mystic Bla  Conj/Tloc      22%        2d6       19%         4


Dungeon Overview and Level Annotations

Branches:
Dungeon (6/15)             Temple (1/1) D:5

Altars:
Ashenzari
Cheibriados
Dithmenos
Elyvilon
Fedhas
Gozag
Hepliaklqana
Kikubaaqudgha
Makhleb
Nemelex Xobeh
Okawaru
Qazlal
Ru
Sif Muna
Trog
Uskayaw
Vehumet
Wu Jian
Xom
Yredelemnul
Zin
The Shining One

Annotations:
D:6 Duvessa


Innate Abilities, Weirdness & Mutations

You can breathe bolts of dispelling energy.
Your rich purple scales are hard. (AC +6)
You cannot fit into any form of body armour.
You are cold-blooded and may be slowed by cold attacks.


Message History

Duvessa is almost dead.
You finish channelling your searing ray.
Duvessa hits you with a +0 vampiric rapier!
* * * LOW HITPOINT WARNING * * *
Duvessa draws strength from your wounds!
Duvessa hits you with a +0 vampiric rapier!
* * * LOW HITPOINT WARNING * * *
Duvessa draws strength from your wounds!
You feel much better.
Duvessa hits you with a +0 vampiric rapier!
* * * LOW HITPOINT WARNING * * *
Duvessa draws strength from your wounds!
Aiming: Paralyse
Press: ? - help, Q - select action, (/) - cycle Shift-Dir - straight line, f/p - Duvessa
Aim: Duvessa, wielding a +0 vampiric rapier and wearing a +0 chain mail (severely wounded, berserk, fast, chance to affect: 31%) Duvessa easily resists.
Duvessa hits you with a +0 vampiric rapier.
* * * LOW HITPOINT WARNING * * *
Duvessa hits you with a +0 vampiric rapier.
* * * LOW HITPOINT WARNING * * *
Duvessa draws strength from your wounds!
You feel much better.
Duvessa hits you with a +0 vampiric rapier!
Casting: Searing Ray (safe; 1% risk of failure)
Confirm with . or Enter, or press ? or * to list all spells.
Aiming: Searing Ray (safe; 1% risk of failure)
Press: ? - help, Shift-Dir - straight line, f/p - Duvessa
Aim: Duvessa, wielding a +0 vampiric rapier and wearing a +0 chain mail (severely wounded, berserk, fast, 88% to hit)
The searing ray hits Duvessa but does no damage.
Duvessa is severely wounded. (Press . to maintain the ray.) Duvessa hits you but does no damage.
Duvessa hits you with a +0 vampiric rapier!
Duvessa draws strength from your wounds!
Duvessa closely misses you.
Duvessa hits you with a +0 vampiric rapier!
* * * LOW HITPOINT WARNING * * *
Duvessa is no longer moving quickly.
Duvessa barely misses you.
Duvessa hits you with a +0 vampiric rapier!!
You die...

### ####..#########.#.###.
#.## #.##..##....#..###...#
##.# #.#....####.##.####.##
#
#.####...........##..####.#
.
##.##..#...##..<####.##...#
. ##...###..###..# #.......
. ##)## ##......## #.......
. ### #)#
#.......###....... .##.#
#)# ##@###..#.........<
.#..#### #.#
##.e##..###.........
......[###)###...#####
##........
###..........)...#
##....... #.####..#......#
####(..# #..##..###....##
##... #..##..# ##.###
#####... ##..#..## ##.#
#....... ##.....# #..#
##.......


You could see Duvessa (berserk).

Vanquished Creatures
  An ice beast (D:5)
  A black bear (D:5)
  An ogre (D:5)
  Blork the orc (D:5)
  A gnoll sergeant (D:6)
  A water moccasin skeleton (D:4)
  Dowan (D:6)
  A centaur zombie (D:6)
  3 hounds
  A jelly (D:5)
  A centaur skeleton (D:5)
  Natasha (thrice) (D:3)
  A hound skeleton (D:4)
  A howler monkey zombie (D:5)
  4 adders
  4 gnolls (D:6)
  A howler monkey skeleton (D:5)
  A white imp (D:6)
  2 worms
  2 dart slugs
  9 orcs
  6 ball pythons
  A bat (D:3)
  7 endoplasms
  2 giant cockroaches
  4 goblins
  6 hobgoblins
  3 jackals
  11 kobolds
  A quokka (D:1)
  A frilled lizard (D:3)
  5 rats
88 creatures vanquished.

Vanquished Creatures (others)
  4 demonic plants (D:3)
  9 fungi (D:3)
  7 plants (D:3)
  4 withered plants (D:3)
24 creatures vanquished.

Grand Total: 112 creatures vanquished

Notes
Turn   | Place    | Note
-------+----------+-------------------------------------------
     0 | D:1      | AuftragZ the Draconian Conjurer began the quest for the
                  | Orb.
     0 | D:1      | Reached XP level 1. HP: 14/14 MP: 3/3
   554 | D:1      | Reached XP level 2. HP: 20/20 MP: 0/5
   557 | D:1      | Learned a level 2 spell: Searing Ray
  1317 | D:2      | You fall into a shaft and drop 2 floors!
  1346 | D:4      | Reached skill level 5 in Conjurations
  1346 | D:4      | Reached XP level 3. HP: 26/26 MP: 2/6
  1776 | D:3      | Noticed Natasha
  1780 | D:3      | Killed Natasha
  1781 | D:3      | Reached XP level 4. HP: 26/33 MP: 1/7
  1844 | D:3      | Found a faded altar of an unknown god.
  2067 | D:3      | Learned a level 1 spell: Apportation
  2109 | D:3      | Learned a level 1 spell: Animate Skeleton
  2168 | D:3      | Noticed Natasha
  2174 | D:3      | Killed Natasha
  2399 | D:3      | Noticed Natasha
  2404 | D:3      | Killed Natasha
  2405 | D:3      | Reached XP level 5. HP: 38/38 MP: 3/9
  2624 | D:3      | Found a sparkling altar of Nemelex Xobeh.
  3092 | D:4      | Reached skill level 6 in Conjurations
  3559 | D:4      | Reached XP level 6. HP: 45/45 MP: 7/11
  4052 | D:5      | Entered Level 5 of the Dungeon
  4174 | D:5      | Found a staircase to the Ecumenical Temple.
  4264 | Temple   | Entered the Ecumenical Temple
  4667 | Temple   | Became a worshipper of Vehumet
  4767 | D:5      | Reached skill level 7 in Conjurations
  4912 | D:5      | Noticed an ice beast
  4924 | D:5      | Killed an ice beast
  4925 | D:5      | Your scales start taking on a rich purple colour.
  4925 | D:5      | Reached skill level 5 in Spellcasting
  4925 | D:5      | Reached XP level 7. HP: 50/50 MP: 11/15
  5006 | D:5      | Identified the +9 rapier "Sugril" {vorpal, Str+4}
  5173 | D:5      | Noticed Blork the orc
  5180 | D:5      | Killed Blork the orc
  6050 | D:6      | Noticed Duvessa
  6051 | D:6      | Noticed Dowan
  6096 | D:6      | Killed Dowan
  6116 | D:6      | HP: 1/50 [Duvessa (8)]
  6124 | D:6      | Mangled by Duvessa

Illustrated notes

Levels and vault maps discovered:
D:1:      dpeg_arrival_brainrot, layout_loops_cross
D:2:      layout_rooms, serial_glass, glass_columns_a, glass_columns_a,
          glass_columns_a, glass_columns_a, glass_columns_b, glass_columns_c,
          glass_columns_b, glass_columns_a, glass_columns_a, glass_columns_a,
          feat_on_display, minmay_strange_pillars
D:3:      layout_basic, nemelex_dance_club_becter, shapermc_ecumenical_altar_gd,
          grunt_ministairs_12, uniq_natasha
D:4:      layout_basic
D:5:      layout_loops_ring, temple_hall, uniq_blork_the_orc
D:6:      layout_layer_cave, uniq_duvessa
Temple:   mainiacjoe_temple_trianglar_array

Skill      XL: |  1  2  3  4  5  6  7 |
---------------+----------------------+-----
Conjurations   | 5 6 7 |  7.8
Dodging        | 2 |  2.5
Spellcasting   | 3 5 6 |  6.7
Fighting       | |  0.2
Stealth        | |  1.8

Action                   |  1- 3 |  4- 6 |  7- 9 || total
-------------------------+-------+-------+-------++-------
Melee: Unarmed           |     8 |    15 |     9 ||    32
       Tailslap          |     1 |     4 |     2 ||     7
 Cast: Magic Dart        |    53 |    39 |    23 ||   115
       Searing Ray       |     7 |    26 |    22 ||    55
       Animate Skeleton  |       |     2 |       ||     2
Evoke: Wand              |       |       |     2 ||     2
  Use: Scroll            |       |     7 |       ||     7
       Potion            |       |       |     3 ||     3
Armor: Skin              |     5 |    22 |    22 ||    49
Dodge: Dodged            |     5 |    17 |    30 ||    52
